dsadsadsa, lawful female human Samurai ------ ---.--.--- ---- --- ----- |........--- --- ---..----- |.---- ---...------- |..........-- |..---|.^....|.-- |....------.[.........-- -------...........|-----|....--..^......| --.......||........---..| -----.|.|............--|...| -.....--.|....---........-|.@........|..| ---..........).......-----...| |....------..........---..|o--..|....|.--- --...................-- |.....----...-- ---........||.....|------..|...| |....^.........-.....----...^..||....| ---......--.|.--- ------.| --...*................[>..|....||...-|---- |.........|.|--- |..| |.......|...---......-----(.|.----..--..-- |.......--|.|-.-- |..| ---.....|...| |......---|..-|...|--......-- --.--.....|.|...|-- ---- |-...)..--- --.......|------..---.......---------.....|.....|.-- |.)..[..| --......| |............................|......--- --......| --- |....--- ------.---.----------------..--.......-- --- ---..|..---.---....| --..----- |...--.......---.-- --.)..|.............| |....---- --...|.--.........| |.[-----............- |.......-- |.....||........-- |.<| --.....--.....| ---......| |...---|........| ---- ---.------..-- ----..-- --.-- --.|.|.--- --- ---- ---- -- ------- dsadsadsa the Ronin Experience level: 5 Strength: 14 Dexterity: 16 Constitution: 18 Intelligence: 8 Wisdom: 9 Charisma: 7 Health: 0(55) Energy: 19(19) Def: 6 Gold: 106 Moves: 1355 Dungeon seed: mxzXnkn8JztUMa0o Game ID: dsadsadsa_1493287902 Your Inventory: Coins $ - 106 gold pieces Weapons a - a +0 katana (alternate weapon; not wielded) b - a +0 wakizashi (weapon in hand) c - a blessed +0 yumi d - 36 +0 ya (in quiver) Armor e - an uncursed rustproof +0 splint mail (being worn) Comestibles f - an uncursed gunyoki Scrolls k - an uncursed scroll of identify Potions h - a cursed potion of gain energy Tools g - an uncursed partly used wax candle (lit) (0:132) i - an uncursed tallow candle (0:200) j - a magic flute (0:8) Spells and supernatural/magical abilities: Name Level Category Fail Memory W - pray for help -- divine ? -- Your skills at the end: Fighting Skills martial arts [Basic] Weapon Skills short sword [Basic] long sword [Basic] bow [Basic] Spellcasting Skills Final Attributes: You were piously aligned. You were poison resistant. You were fast. You are dead. Vanquished creatures: a gnome king 2 gnome lords 3 dwarves a hill orc 2 killer bees a giant rat 13 gnomes a gecko 4 jackals 3 foxes 2 goblins 4 lichens a kobold zombie a newt 39 creatures vanquished. Voluntary challenges: You were an atheist. You used a wielded weapon 62 times, starting on turn 2. You were illiterate. You never genocided any monsters. You never polymorphed an object. You never changed form. You used no wishes. You never split a pudding. You never wrote Elbereth's name. You never violated your personal moral code. Dungeon overview: The Dungeons of Doom: levels 1 to 2 Level 1 a long staircase Level 2 stairs to The Gnomish Mines The Gnomish Mines: levels 3 to 4 Level 3 <- You were here stairs to The Dungeons of Doom Level 4 History has recorded: On T:1 you entered the Dungeons of Doom to retrieve the Amulet of Yendor! On T:555 you advanced to experience level 2. On T:592 you reached level 2 of The Dungeons of Doom. On T:884 you advanced to experience level 3. On T:887 you advanced to experience level 4. On T:978 you reached level 1 of The Gnomish Mines. On T:1074 you advanced to experience level 5. On T:1083 you reached level 2 of The Gnomish Mines. Score breakdown: Gold: 106 ( 6903 points) Experience: 5 levels (11141 points) Exploration: 4 levels ( 8.89%) ( 7833 points) Discoveries: 0 items ( 0.00%) ( 0 points) Valuables value: (no points given unless you survive) Artifact value: 0 ( 0 points) Variety of kills: 14 monsters ( 3.67%) ( 5750 points) Turncount: 1355 turns ( 0 points) Survival: died (score multiplied by 80%) Total score: 25301 Latest messages: Fortunately for you, no boulder was released. The hill orc wields a scimitar! You hit the hill orc. The hill orc swings his scimitar. The hill orc hits! You hit the hill orc. You kill the hill orc! There are many objects here. The hill orc wields a dwarvish mattock! You hit the hill orc. You hit the hill orc! The hill orc swings his dwarvish mattock. The hill orc hits! You miss the hill orc. The hill orc swings his dwarvish mattock. The hill orc hits! You hit the hill orc. You miss the hill orc. The hill orc swings his dwarvish mattock. The hill orc hits! You die... Final status: Sayonara dsadsadsa the Samurai, killed by a hill orc... You died in The Gnomish Mines on dungeon level 3 with 25301 points, and 106 pieces of gold, after 1355 moves. You were level 5 with a maximum of 55 hit points when you died.